 Dungeon Crawl Stone Soup version 0.26-a0-1033-gd598b01645 (webtiles) character file.

Game seed: 15758291374782201333

4472 timneilson the Blocker (level 10, -10/91 HPs)
             Began as a Gargoyle Fighter on Dec 10, 2020.
             Was a Believer of Okawaru.
             Mangled by a komodo dragon (20 damage)
             ... on level 8 of the Dungeon.
             The game lasted 00:16:02 (8245 turns).

timneilson the Blocker (Gargoyle Fighter)           Turns: 8245, Time: 00:16:03

Health: -10/91     AC: 25    Str: 22    XL:     10   Next: 38%
Magic:  12/12      EV:  2    Int: 10    God:    Okawaru [**....]
Gold:   301        SH: 11    Dex:  9    Spells: 9/9 levels left

rFire    x . .     SeeInvis .   i - +5 scimitar
rCold    + . .     Faith    .   c - +0 kite shield
rNeg     + + +     Spirit   .   (armour currently unavailable)
rPois    ∞         Reflect  .   (helmet currently unavailable)
rElec    .         Harm     .   (cloak currently unavailable)
rCorr    .         Rampage  .   (gloves currently unavailable)
Will     .....     NoTele   +   (boots currently unavailable)
Stlth    +.........             (no amulet)
HPRegen  0.25/turn              u - ring of ice
MPRegen  0.13/turn              (no ring)

@: tree-form, studying Throwing
A: negative energy resistance 1, petrification resistance, rot immunity, AC +7
a: Heroism, Renounce Religion


You were on level 8 of the Dungeon.
You worshipped Okawaru.
Okawaru was pleased with you.
You were a tree.
You visited 2 branches of the dungeon, and saw 9 of its levels.

You collected 322 gold pieces.
You spent 21 gold pieces at shops.

Inventory:

Hand Weapons
 a - a +1 long sword
 i - a +5 scimitar (weapon)
Armour
 c - a +0 kite shield (worn)
 e - a +0 helmet (melded)
 g - a +0 chain mail (melded)
 z - a +0 plate armour
Jewellery
 u - a ring of ice (left branch)
Wands
 j - a wand of flame (1)
 l - a wand of iceblast (19)
 x - a wand of acid (9)
Scrolls
 b - 5 scrolls of remove curse
 k - 6 scrolls of teleportation
 n - a scroll of enchant weapon
 o - 4 scrolls of amnesia
 s - 3 scrolls of magic mapping
 v - a scroll of fear
 y - a scroll of noise {unknown}
Potions
 d - 2 potions of cancellation
 f - 2 potions of curing
 h - 2 potions of mutation
 m - 2 potions of lignification
 p - 2 potions of brilliance
 q - a potion of haste {unknown}
 r - a potion of invisibility {unknown}
 t - 3 potions of might
Books
 A - a manual of Throwing


   Skills:
 + Level 6.5 Fighting
 + Level 4.5(5.6) Short Blades
 + Level 5.0(5.8) Long Blades
 * Level 8.7 Armour
 * Level 8.9 Shields
 + Level 2.8 Invocations
 + Level 3.9 Evocations


You had 9 spell levels left.
You didn't know any spells.
Your spell library contained the following spells:

 Spells                   Type           Power        Failure   Level
 Corona                   Hex            #......      63%         1
 Sandblast                Erth           #.....       63%         1
 Passwall                 Tmut/Erth      #.......     77%         2
 Slow                     Hex            #.......     77%         2
 Inner Flame              Hex/Fire       #.......     94%         3
 Portal Projectile        Hex/Tloc       #.....       94%         3
 Stone Arrow              Conj/Erth      #.....       94%         3
 Cause Fear               Hex            #.........   100%        4
 Leda's Liquefaction      Hex/Erth       #.........   100%        4
 Petrify                  Tmut/Erth      #.......     100%        4
 Lee's Rapid Deconstruct  Erth           #.........   100%        5


Dungeon Overview and Level Annotations

Branches:
Dungeon (8/15)             Temple (1/1) D:5            Lair (0/6) D:8

Altars:
Ashenzari
Cheibriados
Dithmenos
Elyvilon
Fedhas
Gozag
Hepliaklqana
Kikubaaqudgha
Makhleb
Nemelex Xobeh
Okawaru
Ru
Sif Muna
Trog
Uskayaw
Vehumet
Wu Jian
Xom
Yredelemnul
Zin
The Shining One

Shops:
D:6 *

Annotations:
D:4 1 runed translucent door, Aurophilus's ghost, amateur MiFi
D:6 3 runed translucent doors, azarizad's ghost, novice MfTm


Innate Abilities, Weirdness & Mutations

You are resistant to torment.
((Your stone body is resilient. (AC +7)))
You are immune to poison.
You resist negative energy. (rN+)
((You are resistant to electric shocks. (rElec)))
((You can survive without breathing.))
You are immune to petrification.
You are immune to rotting.


Message History

The leopard gecko zombie bites you but does no damage.
The orc hits you but does no damage.
The komodo dragon hisses menacingly.
The komodo dragon completely misses you.
A warg comes into view.
The warg howls!
Okay, then.
Really quaff the potion of lignification?
You turn into a tree.
Your +0 helmet melds into your body.
Your +0 chain mail melds into your body.
Your roots penetrate the ground.
The warg bites you but does no damage. You block the warg's attack.
You hit the warg.
The warg is lightly wounded.
You block the warg's attack.
You slash the warg!
The warg is moderately wounded.
You block the komodo dragon's attack. You block the warg's attack.
The komodo dragon bites you!!
You die...

#.....## ##...## ##.
###.## ##... #...##
#...# .##.##.######
#.................#
#...############†.#
#...#####.######..###
#....Zo..l♣h........#
##...#########...##.#
#...## #..### ##
##....## #..##
#.....l########
#...........#
#....####{..## #...#
##o..## ....# ##...##


You could see a komodo dragon, a warg, an orc and a leopard gecko zombie.

Vanquished Creatures
  Pikel (D:5)
  Grinder (D:4)
  Sigmund (D:3)
  Menkaure (D:4)
  Duvessa (D:4)
  An ice beast (D:4)
  An orc warrior (D:8)
  2 sky beasts
  3 phantoms
  2 ogres
  An eye of draining (D:8)
  6 centaurs
  A lemure (D:5)
  3 bullfrogs
  Dowan (D:4)
  2 scorpions
  9 wights
  A centaur zombie (D:8)
  A jelly (D:8)
  A quasit (D:8)
  2 bullfrog zombies
  3 hounds
  A centaur skeleton (D:4)
  7 orc priests
  8 orc wizards
  A bullfrog skeleton (D:7)
  2 iguanas
  Ijyb (D:3)
  4 worker ants
  A hound zombie (D:5)
  2 hound skeletons (D:4)
  Robin (D:3)
  6 gnolls
  13 adders
  3 shadow imps
  A white imp (D:6)
  2 ufetubi
  An adder skeleton (D:3)
  6 worms
  3 dart slugs
  7 leopard geckos
  21 orcs
  4 giant cockroaches
  23 goblins
  12 hobgoblins
  11 jackals
  8 kobolds
  5 quokkas
  9 bats
  10 frilled lizards
  2 jackal skeletons
  29 rats
249 creatures vanquished.

Vanquished Creatures (others)
  39 plants (D:8)
39 creatures vanquished.

Grand Total: 288 creatures vanquished

Notes
Turn   | Place    | Note
-------+----------+-------------------------------------------
     0 | D:1      | timneilson the Gargoyle Fighter began the quest for the
                  | Orb.
     0 | D:1      | Reached XP level 1. HP: 14/14 MP: 1/1
   114 | D:1      | Reached XP level 2. HP: 19/19 MP: 2/2
   301 | D:1      | Reached XP level 3. HP: 23/23 MP: 3/3
   959 | D:2      | Reached skill level 1 in Short Blades
  1043 | D:2      | Reached XP level 4. HP: 27/28 MP: 4/4
  2013 | D:3      | Noticed an ogre
  2019 | D:3      | Killed an ogre
  2020 | D:3      | Reached XP level 5. HP: 33/33 MP: 5/5
  2112 | D:3      | Noticed Ijyb
  2118 | D:3      | Killed Ijyb
  2119 | D:3      | Reached XP level 6. HP: 38/38 MP: 6/6
  2301 | D:3      | Noticed Robin
  2352 | D:3      | Killed Robin
  2358 | D:3      | Reached skill level 5 in Armour
  2358 | D:3      | Reached skill level 5 in Shields
  2655 | D:3      | Noticed Sigmund
  2670 | D:3      | Killed Sigmund
  2671 | D:3      | Reached skill level 1 in Evocations
  2671 | D:3      | Reached XP level 7. HP: 33/44 MP: 7/7
  2938 | D:3      | Found an ornate altar of the Wu Jian Council.
  3223 | D:4      | Found a runed translucent door.
  3238 | D:4      | Noticed Aurophilus's ghost (amateur MiFi)
  3668 | D:4      | Noticed Duvessa
  3668 | D:4      | Noticed Dowan
  3700 | D:4      | Killed Duvessa
  3707 | D:4      | Killed Dowan
  3708 | D:4      | Reached XP level 8. HP: 37/48 MP: 8/8
  3836 | D:4      | Noticed Menkaure
  3846 | D:4      | Killed Menkaure
  4079 | D:4      | Noticed Grinder
  4100 | D:4      | Killed Grinder
  4101 | D:4      | Reached skill level 5 in Fighting
  4792 | D:5      | Entered Level 5 of the Dungeon
  4888 | D:5      | Reached XP level 9. HP: 32/54 MP: 9/9
  5211 | D:5      | Found a hazy altar of Hepliaklqana.
  5340 | D:5      | Found a shimmering blue altar of Sif Muna.
  5468 | D:5      | Found a staircase to the Ecumenical Temple.
  5477 | Temple   | Entered the Ecumenical Temple
  5718 | Temple   | Became a worshipper of Warmaster Okawaru
  6234 | D:6      | Noticed Pikel
  6242 | D:5      | Killed Pikel
  6242 | D:5      | Reached * piety under Okawaru
  6243 | D:5      | Reached skill level 1 in Invocations
  6366 | D:6      | Found a runed translucent gate.
  6366 | D:6      | Found a runed translucent gate.
  6366 | D:6      | Found a runed translucent gate.
  6367 | D:6      | Identified the cursed +1 dagger of Xutz {venom, rC+ Str-4
                  | Dex+8}
  6367 | D:6      | Noticed a kobold demonologist
  6367 | D:6      | Noticed azarizad's ghost (novice MfTm)
  6622 | D:6      | Found Sonyg Vui's Assorted Antiques.
  6713 | D:6      | Bought a scroll labelled RARESA ROD DUNAN for 21 gold
                  | pieces
  6956 | D:7      | Found a snail-covered altar of Cheibriados.
  7115 | D:7      | Reached XP level 10. HP: 55/60 MP: 11/11
  7145 | D:7      | Found a burning altar of Makhleb.
  7171 | D:7      | Found a blossoming altar of Fedhas.
  7191 | D:7      | Reached ** piety under Okawaru
  7665 | D:8      | Found a hide-covered altar of Uskayaw.
  7668 | D:8      | Noticed a +0 hand axe
  7669 | D:8      | Noticed a +0 dagger
  8148 | D:8      | Reached skill level 5 in Long Blades
  8212 | D:8      | Found a staircase to the Lair.
  8229 | D:8      | HP: 3/61 [komodo dragon (20)]
  8245 | D:8      | Mangled by a komodo dragon

Illustrated notes

Levels and vault maps discovered:
D:1:      mrwooster_arrival_arrow, layout_loops_ring
D:2:      layout_loops_corners
D:3:      layout_loops_ring, marbit_many_paths, minmay_bisected, uniq_sigmund,
          uniq_robin, uniq_ijyb
D:4:      layout_loops_cross, ebering_ghost_reflecting_pool, minmay_rat_hole,
          uniq_duvessa, uniq_grinder, uniq_menkaure
D:5:      layout_basic, kennysheep_mini_moat, lemuel_doored_altar,
          minmay_temple_entry_overgrown, chequers_serial_rivers_room_b
D:6:      layout_basic, serial_shops, shop, gammafunk_ghost_nasty_kobolds,
          uniq_pikel
D:7:      layout_basic, lemuel_crystal_altar, old_standard_altar, slow_altar_1
D:8:      layout_layer_cave, dancing_weapons_uskayaw, lemuel_crystal_altar,
          david_lair_shrubbed, grunt_ministairs_8, minmay_manual_monolith
Temple:   eino_temple_water

Skill      XL: |  1  2  3  4  5  6  7  8  9 10 |
---------------+-------------------------------+-----
Long Blades    | 2 3 4 5 |  5.0
Short Blades   | 1 2 3 4 |  4.5
Shields        | 4 5 6 7 8 |  8.9
Armour         | 4 5 6 7 8 |  8.7
Fighting       | 4 5 6 |  6.5
Evocations     | 1 2 3 |  3.9
Invocations    | 2 |  2.8

Action                   |  1- 3 |  4- 6 |  7- 9 | 10-12 || total
-------------------------+-------+-------+-------+-------++-------
Melee: Long sword        |   120 |   236 |   273 |       ||   629
       Scimitar          |       |       |   212 |   151 ||   363
Invok: Heroism           |       |       |       |     1 ||     1
  Use: Scroll            |     5 |     5 |     9 |     1 ||    20
       Potion            |       |     3 |     2 |     2 ||     7
Armor: Scale mail        |    53 |   178 |    73 |       ||   304
       Chain mail        |       |       |   198 |    90 ||   288
       Skin              |       |       |       |     1 ||     1
Dodge: Dodged            |    36 |   106 |   109 |    32 ||   283
Block: Kite shield       |    72 |   163 |   302 |   110 ||   647
       Rpst.: Long sword |    13 |    39 |    15 |       ||    67
       Scimitar          |       |       |    12 |    12 ||    24

Table legend: (Time is in decaauts)
 A = Elapsed time spent in this place.
 B = Non-inter-level travel time spent in this place.
 C = Inter-level travel time spent in this place.
 D = Time resting spent in this place.
 E = Time spent auto-exploring this place.
 F = Levels seen in this place.
 G = Mean time per level.
                   A        B        C        D        E       F      G
               +--------+--------+--------+--------+--------+-----+--------+
         Total |   8537 |   8293 |    244 |    191 |   5884 |   9 |  948.6 |
       Dungeon |   8276 |   8087 |    189 |    191 |   5681 |   8 | 1034.5 |
        Temple |    260 |    205 |     55 |      0 |    203 |   1 |  260.0 |
               +--------+--------+--------+--------+--------+-----+--------+

Top non-repeatable levels by time:
     D:4: 1725 daAuts
     D:2: 1325 daAuts
     D:3: 1313 daAuts
     D:5: 1150 daAuts
     D:7: 839 daAuts
     D:1: 701 daAuts
     D:8: 625 daAuts
     D:6: 593 daAuts
  Temple: 260 daAuts
